Map: Moonlight Madness LE (Void)

Players

Gandalf

  • Race: Zerg Zerg
  • League: Bronze

SticklerMac - Winner!

  • Race: Zerg Zerg
  • League: Silver

VOD

Have the link to the VOD?

Description

Time

  • Played on: Sept. 28, 2015, 9:50 p.m.
  • Length: 9:49
Show
View Real Time Build Order
Export as new Build Order

Gandalf Zerg 

Build Orders: Hatch First 

Get SALT Encoding   

  12  0:01  Drone  
  14  0:16  Overlord  
  14  0:18  Drone  
  14  0:34  Drone x2  
  16  0:52  Hatchery  
  16  0:53  Drone  
  16  1:08  Spawning Pool  
  16  1:11  Drone  
  16  1:14  Drone  
  16  1:18  Drone  
  18  1:26  Overlord  
  18  1:30  Extractor  
  17  1:38  Drone  
  18  1:48  Drone  
  19  1:55  Queen  
  19  1:59  Drone  
  22  2:04  Queen  
  22  2:05  Drone  
  25  2:20  Drone  
  25  2:21  Drone x2  
  28  2:28  Drone  
  29  2:32  Drone  
  30  2:46  Evolution Chamber  
  29  3:02  Zergling x4  
  29  3:03  Zergling x4  
  33  3:10  Zergling x4  
  32  3:28  Zergling x4  
  32  3:29  Evolution Chamber  
  33  3:36  Roach Warren  
  32  3:41  Drone  
  32  3:42  Drone x3  
  36  3:54  Zergling x6  
  32  4:10  Evolution Chamber  
  32  4:11  Metabolic Boost  
  32  4:12  Evolution Chamber  
  32  4:16  Zergling x8  
  32  4:19  Zergling x6  
  32  4:20  Zergling x2  
  35  4:29  Zergling x2  
  32  4:32  Zergling x2  
  32  4:33  Zergling x2  
  32  4:37  Zerg Melee Weapons Level 1  
  32  4:38  Zergling x4  
  35  4:43  Drone x2  
  33  4:51  Drone x2  
  33  5:18  Zergling x8  
  33  5:19  Zergling x8  
  35  5:24  Roach Warren, Queen  
  35  5:33  Overlord x2  
  35  5:49  Overlord x2  
  35  5:50  Queen  
  35  5:53  Drone  
  35  5:54  Drone  
  39  5:57  Drone  
  39  6:04  Zergling x2  
  41  6:21  Zergling x6  
  38  6:41  Roach Warren  
  38  6:46  Zergling x2  
  30  6:47  Zergling x14  
  30  6:51  Drone  
  38  6:59  Zergling x2  
  31  7:18  Zergling x6  
  24  7:23  Roach  
  24  7:24  Roach x4  
  24  7:27  Roach x4  
  29  8:03  Roach  
  29  8:04  Roach x5  
  41  8:23  Drone x3  
  41  8:24  Drone, Queen x2  
  41  8:25  Zergling x2  
  49  8:57  Roach x4  
  57  9:11  Overlord x2  
Show
View Real Time Build Order
Export as new Build Order

SticklerMac Zerg - Winner!

Build Orders: Pool First, Zergling Baneling 

Get SALT Encoding   

  12  0:01  Drone  
  13  0:12  Overlord  
  13  0:17  Drone  
  14  0:31  Drone  
  14  0:32  Drone  
  17  0:35  Drone  
  17  0:48  Drone  
  18  0:51  Spawning Pool  
  18  0:54  Extractor  
  16  0:59  Drone  
  17  1:17  Hatchery  
  16  1:18  Drone  
  16  1:20  Drone  
  18  1:29  Drone  
  19  1:39  Drone  
  20  1:41  Queen  
  22  1:51  Overlord  
  22  1:58  Extractor  
  22  2:01  Zergling x2  
  23  2:10  Metabolic Boost  
  23  2:12  Zergling x2  
  24  2:23  Zergling x2  
  24  2:28  Baneling Nest  
  24  2:29  Drone  
  25  2:33  Drone  
  26  2:40  Zergling x2  
  26  2:43  Drone  
  28  3:03  Zergling x10  
  28  3:04  Zergling x2  
  32  3:22  Zergling x2  
  32  3:23  Zergling x6  
  35  3:27  Baneling x2  
  35  3:31  Drone  
  35  3:33  Overlord  
  36  3:37  Baneling  
  36  3:38  Baneling x3  
  36  3:39  Baneling  
  36  3:55  Zergling x8  
  36  4:08  Zergling x4  
  36  4:20  Zergling x4  
  35  4:31  Zergling x2  
  35  4:32  Zergling x2  
  35  4:35  Queen  
  37  4:46  Baneling x4  
  37  4:47  Zergling x6  
  37  4:56  Hatchery  
  35  5:16  Zergling x2  
  35  5:17  Zergling x14  
  39  5:23  Baneling x4  
  39  5:24  Baneling x2  
  39  5:26  Zergling x2  
  38  5:36  Zergling x2  
  38  5:37  Zergling x2  
  38  5:42  Zergling x4  
  38  5:51  Zergling x2, Baneling x2  
  39  6:04  Baneling x4  
  39  6:05  Zergling x10  
  39  6:07  Overlord x4  
  39  6:08  Overlord  
  44  6:15  Queen  
  44  6:18  Zergling x6  
  40  6:37  Zergling x14  
  40  6:38  Zergling x2  
  46  6:41  Zergling x4  
  46  6:46  Zergling x2  
  47  6:49  Baneling x2  
  45  7:02  Zergling x6  
  45  7:03  Zergling x4  
  50  7:09  Zergling x2  
  50  7:17  Zergling x2  
  50  7:18  Zergling x4  
  50  7:32  Baneling  
  50  7:33  Baneling x6  
  50  7:34  Zergling x14  
  46  8:03  Zergling x4  
  46  8:04  Zergling x14  
  46  8:05  Zergling x2  
  52  8:13  Zergling x2  
  53  8:31  Zergling x10  
  57  8:34  Zergling x2  
  57  8:48  Zergling x2  
  57  8:49  Zergling x8  
  60  9:00  Zergling x16  
  51  9:15  Zergling x10  
  56  9:28  Zergling x8  
Tags
 
Add a new tag
Caveats
  • Supply blocks, unpowered buildings, or Contaminate may cause inaccurate times.
  • Supply counts are checked every 10 seconds.